 Dungeon Crawl Stone Soup version 0.23.2-1-ga50397a (webtiles) character file.

Game seed: 8160940136314242812

104505 diana the Tortoise (level 15, 0/118 HPs)
             Began as a Demonspawn Gladiator on May 22, 2019.
             Was an Initiate of Gozag.
             Blown up by an orb spider (35 damage)
             ... with an orb of destruction
             ... on level 2 of the Spider Nest.
             The game lasted 01:01:01 (30795 turns).

diana the Tortoise (Demonspawn Gladiator)          Turns: 30795, Time: 01:01:01

Health: 0/118      AC: 32    Str: 21    XL:     15   Next: 92%
Magic:  18/22      EV: 15    Int:  5    God:    Gozag
Gold:   7023       SH:  4    Dex: 27    Spells: 12/14 levels left

rFire    + . .     SeeInvis .   N - +9 staff of Olgreb {rPois}
rCold    x . .     Gourm    .   (no shield)
rNeg     + . .     Faith    .   V - +8 plate armour "Edyhuv" {+Blink rCorr}
rPois    ∞         Spirit   .   (helmet restricted)
rElec    +         Reflect  +   x - +0 cloak of Tomeps {*Contam Int-5 Dex+7} (curse)
rCorr    +         Harm     .   O - +0 pair of gloves {archery}
MR       ++...                  h - +0 pair of boots
Stlth    ..........             v - +4 amulet of reflection
HPRegen  0.29/turn              K - +3 ring of protection
MPRegen  0.18/turn              A - ring of the Purple Skies {Fire rElec rN+ MR+ Dex+4}

@: lightly drained
A: antennae 1, claws 2, talons 1, agile 1, demonic guardian 2, high mp 1, spiny
3, wild magic 1
a: Potion Petition, Call Merchant, Bribe Branch, Renounce Religion, Evoke Blink


You were on level 2 of the Spider Nest.
You worshipped Gozag.
Gozag was greatly pleased with you.
You were not hungry.

You visited 5 branches of the dungeon, and saw 26 of its levels.
You also visited: Gauntlet.

You collected 8799 gold pieces.
You spent 1661 gold pieces at shops.
You paid 115 gold pieces to Gozag.

Inventory:

Hand Weapons
 L - the +5 quarterstaff "Xihom" {flame, +Fly}
   (You bought it in a shop on level 2 of the Orcish Mines)

   It has been specially enchanted to burn those struck by it, causing extra
   injury to most foes and up to half again as much damage against particularly
   susceptible opponents.
   It lets you fly.
 N - the +9 staff of Olgreb (weapon) {rPois}
   (You found it on level 5 of the Dungeon)

   It protects you from poison.
Armour
 h - a +0 pair of boots (worn)
 x - the cursed +0 cloak of Tomeps (worn) {*Contam Int-5 Dex+7}
   (You found it on level 1 of the Lair of Beasts)

   It affects your intelligence (-5).
   It affects your dexterity (+7).
   It causes magical contamination when unequipped.
   It has a curse placed upon it.
 I - a scarf of resistance
 O - a +0 pair of gloves of archery (worn)
 V - the +8 plate armour "Edyhuv" (worn) {+Blink rCorr}
   (You bought it in a shop on level 2 of the Orcish Mines)

   It lets you blink.
   It provides partial protection from all sources of acid and corrosion.
Jewellery
 v - a +4 amulet of reflection (around neck)
 A - the ring of the Purple Skies (right hand) {Fire rElec rN+ MR+ Dex+4}
   (You found it on level 3 of the Lair of Beasts)

   [ring of fire]

   It enhances your fire magic.
   It affects your dexterity (+4).
   It protects you from fire.
   It makes you vulnerable to cold.
   It insulates you from electricity.
   It protects you from negative energy.
   It affects your resistance to hostile enchantments.
 C - a +5 ring of evasion {unknown}
 K - a +3 ring of protection (left hand)
 U - an uncursed ring of protection from fire
Wands
 i - a wand of flame (54)
 m - a wand of random effects (18)
 s - a wand of acid (9)
 y - a wand of polymorph (25)
 J - a wand of enslavement (14)
 P - a wand of digging (18)
 Q - a wand of paralysis (9)
 T - a wand of disintegration (22)
Scrolls
 d - a scroll of acquirement {unknown}
 n - 3 scrolls of fog
 o - 5 scrolls of fear
 q - 11 scrolls of teleportation
 r - 4 scrolls of remove curse
 u - 4 scrolls of blinking
 w - a scroll of identify
 B - 3 scrolls of magic mapping
 F - a scroll of enchant weapon
 G - a scroll of silence
 M - a scroll of brand weapon {unknown}
 S - 2 scrolls of immolation
 X - a scroll of holy word {unknown}
Potions
 a - a potion of berserk rage {unknown}
 b - 4 potions of might
 c - 2 potions of resistance
 e - a potion of heal wounds
 g - 4 potions of ambrosia
 j - 4 potions of curing
 k - 2 potions of magic
 l - 6 potions of brilliance
 p - a potion of cancellation {unknown}
 t - a potion of invisibility {unknown}
 z - 3 potions of flight
 D - a potion of haste {unknown}
 E - a potion of agility {unknown}
 H - a potion of degeneration {unknown}
Comestibles
 f - 23 rations


   Skills:
 + Level 11.1(10.7) Fighting
 - Level 14.0(13.5) Staves
 - Level 1.7(1.4) Throwing
 + Level 15.1(14.6) Armour
 + Level 11.1(10.6) Dodging
 - Level 5.0(4.6) Poison Magic
 - Level 7.0(6.6) Evocations


You had 12 spell levels left.
You knew the following spells:

 Your Spells              Type           Power        Failure   Level  Hunger
a - Poisonous Vapours     Pois/Air       #.....       99%         2    ###....

Your spell library contained the following spells:

 Spells                   Type           Power        Failure   Level  Hunger
 Confusing Touch          Hex            #.....       100%        1    ##.....
 Corona                   Hex            #......      100%        1    ##.....
 Summon Small Mammal      Summ           #...         100%        1    ##.....
 Call Imp                 Summ           #.......     100%        2    ###....
 Corpse Rot               Necr           N/A          100%        2    ###....
 Ensorcelled Hibernation  Hex/Ice        #.....       100%        2    ###....
 Call Canine Familiar     Summ           #.......     100%        3    ####...
 Confuse                  Hex            #.......     100%        3    ####...
 Conjure Flame            Conj/Fire      #.......     100%        3    ####...
 Dazzling Spray           Conj/Hex       #.....       100%        3    ####...
 Gell's Gravitas          Tloc           #.........   100%        3    ####...
 Mephitic Cloud           Conj/Pois/Air  #.......     100%        3    ####...
 Stone Arrow              Conj/Erth      #.....       100%        3    ####...
 Summon Guardian Golem    Hex/Summ       #.......     100%        3    ####...
 Tukima's Dance           Hex            #.......     100%        3    ####...
 Leda's Liquefaction      Hex/Erth       #.........   100%        4    #####..
 Petrify                  Tmut/Erth      #.......     100%        4    #####..
 Summon Ice Beast         Ice/Summ       #.......     100%        4    #####..
 Summon Lightning Spire   Summ/Air       #.......     100%        4    #####..
 Metabolic Englaciation   Hex/Ice        #.........   100%        5    ######.
 Summon Forest            Summ/Tloc      #.........   100%        5    ######.
 Yara's Violent Unravell  Hex/Tmut       #.........   100%        5    ######.
 Freezing Cloud           Conj/Ice/Air   #.........   100%        6    #######
 Hydra Form               Tmut           #.........   100%        6    #######
 Ring of Flames           Chrm/Fire      #.........   100%        7    #######
 Summon Hydra             Summ           #.........   100%        7    #######


Dungeon Overview and Level Annotations

Branches:
Dungeon (15/15)            Temple (1/1) D:5            Lair (6/6) D:11
 Shoals (0/4) Lair:4       Spider (2/4) Lair:3        Slime (0/5) Lair:6
    Orc (2/2) D:9             Elf (0/3) Orc:2        Vaults (0/5) D:14
 Depths (0/5) D:15

Altars:
Ashenzari
Cheibriados
Dithmenos
Elyvilon
Fedhas
Gozag
Hepliaklqana
Kikubaaqudgha
Makhleb
Nemelex Xobeh
Okawaru
Qazlal
Ru
Sif Muna
Trog
Uskayaw
Vehumet
Wu Jian
Xom
Yredelemnul
Zin
The Shining One
Beogh

Shops:
D:5 [   D:6 [   Orc:2 }}=([(

Annotations:
D:5 1 runed translucent door
Spider:1 2 transporters


Innate Abilities, Weirdness & Mutations

You have a pair of small antennae on your head.
You have very sharp fingernails.
You have sharp toenails.
A demonic guardian rushes to your aid.
You are completely covered in sharp spines.
You are agile. (Dex +2)
You have an increased reservoir of magic. (+10% MP)
Your spells are a little harder to cast, but a little more powerful.


Message History

Your ice devil dies!
The wolf spider becomes distracted by the nearby gold, dreaming of imaginary riches.
A redback comes into view.
The demonic crawler is struck by your spines.
The demonic crawler hits you but does no damage.
The demonic crawler completely misses you.
The demonic crawler hits you but does no damage. x3
The demonic crawler barely misses you.
Unknown command.
The orb spider weaves a glowing orb of energy.
An orb of destruction comes into view.
Unknown command.
The orb spider looks more healthy.
The jumping spider closely misses you. The jumping spider bites you.
* * * LOW HITPOINT WARNING * * *
The orb spider begins to weave its threads into a brightly glowing ball.
Unknown command.
Unknown command.
The orb spider looks more healthy.
The orb of destruction hits you!!
You die...

#...........#
#..#..........
#.............#
#........^....#
$#........#....#
#....s.#......#
#.............#
##.s...<.......#
##...○○○@.......#
##.....$$#..>.###
#......$ss......#
#.....#.s.s#....##
........#..$..^##
...........#.###
............##
.....#.......#
...s.^.......#


You could see a wolf spider, 2 orb spiders and a jumping spider.

Vanquished Creatures
  Saint Roka (Orc:2)
  Kirke (D:15)
  A minotaur (Gauntlet)
  An ettin (Orc:2)
  Josephine (D:10)
  Fannar (Lair:2)
  6 hydras
  The ghost of goulibeur the Fighter, a novice DrBe of Trog (D:10)
  3 two-headed ogres
  5 orc high priests (Orc:2)
  2 death yaks (Lair:6)
  6 skeletal warriors
  An unseen horror (D:11)
  2 wizards (Gauntlet)
  A glowing orange brain (D:15)
  2 orc knights (Orc:2)
  4 orb spiders
  8 ugly things
  2 deep elf magi
  4 manticores
  2 orc sorcerers (Orc:1)
  4 wolf spiders (Spider:1)
  A shining eye (Gauntlet)
  A centaur zombie (D:15)
  2 cyclopes
  A guardian serpent (shapeshifter) (D:15)
  2 elephants (Lair:4)
  5 black mambas
  Psyche (D:9)
  6 spiny frogs
  2 gargoyles
  3 kobold demonologists
  A demonic crawler (Spider:1)
  3 rime drakes (Lair:3)
  10 komodo dragons
  An efreet (D:15)
  A wandering mushroom (Lair:3)
  A tengu conjurer (D:14)
  A queen bee (D:10)
  A polar bear (Lair:5)
  7 trolls
  4 jumping spiders
  A harpy zombie (D:15)
  12 blink frogs
  5 hornets
  12 slime creatures
  8 hippogriffs
  4 dream sheep (Lair:6)
  10 redbacks
  2 shadows
  4 wraiths
  A vampire (D:15)
  4 hogs (D:15)
  A hog (shapeshifter) (D:15)
  51 yaks
  7 tarantellas
  6 wyverns
  4 basilisks
  5 hungry ghosts
  6 vampire mosquitoes (D:14)
  2 steam dragons (Lair:6)
  2 chaos spawn (Gauntlet)
  A neqoxec (Gauntlet)
  4 wargs
  Edmund (D:5)
  A two-headed ogre zombie (D:9)
  Menkaure (D:5)
  A hydra simulacrum (Lair:3)
  5 soldier ants
  An acid dragon (D:14)
  8 water moccasins
  A floating eye (Gauntlet)
  11 porcupines
  An eye of draining (shapeshifter) (D:15)
  3 hell hounds (Lair:6)
  9 ice beasts
  2 sky beasts
  18 orc warriors
  3 phantoms
  A black mamba simulacrum (Lair:3)
  A boggart (D:15)
  A black bear (D:6)
  A necrophage (D:13)
  5 ogres
  11 wolves
  9 crocodiles
  15 centaurs
  6 big kobolds (D:10)
  13 bullfrogs
  2 blink frog simulacra (Lair:3)
  7 scorpions
  A troll zombie (D:9)
  An elephant simulacrum (Lair:3)
  13 killer bees
  11 wights
  4 howler monkeys
  5 crimson imps
  5 lava snakes (Lair:6)
  30 orc priests
  A bullfrog skeleton (D:5)
  5 hounds
  2 quasits
  4 centaur skeletons
  7 jellies
  4 iguanas
  Terence (D:3)
  17 orc wizards
  14 worker ants
  A killer bee zombie (D:5)
  6 ogre zombies (D:9)
  2 hound skeletons
  A crocodile simulacrum (Lair:3)
  5 gnolls
  A howler monkey skeleton (D:7)
  9 adders
  8 shadow imps
  2 white imps (Gauntlet)
  An ooze (D:4)
  2 dart slugs (D:1)
  5 worms
  7 leopard geckos
  112 orcs
  2 ball pythons
  5 giant cockroaches
  4 hobgoblins
  15 jackals
  8 kobolds
  2 quokkas
  A ball python skeleton (D:4)
  6 bats
  6 frilled lizards
  5 goblins
  2 goblin skeletons (D:9)
  A goblin zombie (D:9)
  3 hobgoblin zombies (D:9)
  A leopard gecko skeleton (D:5)
  2 orc skeletons (D:9)
  11 orc zombies (D:9)
  A quokka skeleton (D:6)
  4 rats (D:1)
  A bush (Lair:1)
770 creatures vanquished.

Vanquished Creatures (collateral kills)
  Rupert (Lair:5)
  Jorgrun (D:13)
  Frances (Spider:1)
  The ghost of Killmatronix the Severer, a journeyman HOWn of Yredelemnul (Lair:3)
  A fire dragon (Lair:6)
  A hydra (Lair:5)
  A shambling mangrove (Lair:6)
  A two-headed ogre (D:9)
  Erica (D:11)
  2 death yaks (Lair:6)
  An orc high priest (Orc:2)
  A skeletal warrior (D:15)
  A lindwurm (Lair:6)
  2 orb spiders (Spider:1)
  2 wolf spiders
  An elephant (Lair:4)
  2 molten gargoyles (Lair:6)
  Joseph (D:7)
  A kobold demonologist (D:10)
  3 demonic crawlers
  A wandering mushroom (Lair:6)
  2 jumping spiders (Spider:1)
  2 blink frogs
  6 slime creatures
  3 hippogriffs
  A tarantella (Spider:1)
  A wyvern (D:8)
  11 yaks
  A steam dragon (Lair:6)
  Eustachio (D:5)
  A golden eye (shapeshifter) (D:15)
  3 basilisks
  A soldier ant (D:5)
  A hell hound (Lair:6)
  3 wargs (Orc:2)
  A porcupine (Lair:3)
  A hydra simulacrum (Lair:3)
  An ice beast (D:6)
  Duvessa (D:6)
  5 orc warriors
  2 boggarts (D:15)
  2 wolves (Lair:4)
  2 ogres
  2 crocodiles
  3 big kobolds (D:10)
  A blink frog simulacrum (Lair:3)
  Dowan (D:6)
  7 killer bees (D:10)
  4 wights (D:7)
  A hound (D:5)
  5 orc priests (Orc:2)
  An orc wizard (Orc:1)
  An iguana (D:6)
  3 worker ants
  2 gnolls (D:2)
  3 adders (D:5)
  2 shadow imps
  15 orcs
  4 jackals
  A quokka (D:11)
  An orc skeleton (D:9)
  5 orc zombies (D:9)
141 creatures vanquished.

Vanquished Creatures (others)
  2 dancing weapons (D:14)
  2 fungi
  2 plants
6 creatures vanquished.

Grand Total: 917 creatures vanquished

Notes
Turn   | Place    | Note
-------+----------+-------------------------------------------
     0 | D:1      | diana the Demonspawn Gladiator began the quest for the Orb.
     0 | D:1      | Reached XP level 1. HP: 16/16 MP: 1/1
   157 | D:1      | Gained mutation: A weak demonic guardian rushes to your
                  | aid. [demonic ancestry]
   157 | D:1      | Reached XP level 2. HP: 22/22 MP: 2/2
   764 | D:2      | Found a blossoming altar of Fedhas.
   828 | D:2      | Reached skill level 1 in Armour
   828 | D:2      | Gained mutation: You are partially covered in sharp spines.
                  | [demonic ancestry]
   828 | D:2      | Reached XP level 3. HP: 28/28 MP: 3/3
  1186 | D:2      | Reached XP level 4. HP: 16/34 MP: 4/4
  1196 | D:2      | HP: 1/34 [gnoll/+0 club (3)]
  2315 | D:3      | Reached XP level 5. HP: 34/40 MP: 5/5
  2317 | D:3      | Found a stormy altar of Qazlal.
  2580 | D:3      | Noticed Terence
  2587 | D:3      | Killed Terence
  2870 | D:4      | Noticed an ogre
  2875 | D:4      | Killed an ogre
  2875 | D:4      | Reached skill level 2 in Armour
  2954 | D:4      | Reached XP level 6. HP: 47/47 MP: 6/6
  3724 | D:5      | Entered Level 5 of the Dungeon
  3738 | D:5      | Noticed Menkaure
  3744 | D:5      | Found a runed translucent gate.
  3747 | D:5      | Killed Menkaure
  3747 | D:5      | Reached skill level 5 in Staves
  3747 | D:5      | Gained mutation: You have sharp toenails. [demonic
                  | ancestry]
  3747 | D:5      | Reached XP level 7. HP: 17/53 MP: 7/7
  3959 | D:5      | Found a runed translucent door.
  3982 | D:5      | Noticed Edmund
  4011 | D:5      | Killed Edmund
  4011 | D:5      | Reached skill level 3 in Armour
  4177 | D:5      | Found a runed translucent gate.
  4180 | D:5      | Found the +9 staff of Olgreb {rPois}
  4220 | D:5      | Found a runed translucent gate.
  4288 | D:5      | Found a runed translucent door.
  4500 | D:5      | Gained mutation: A demonic guardian rushes to your aid.
                  | [demonic ancestry]
  4500 | D:5      | Reached XP level 8. HP: 33/61 MP: 8/8
  4606 | D:5      | Found Cinoumull's Armour Shoppe.
  4639 | D:5      | Found a staircase to the Ecumenical Temple.
  4667 | D:5      | Noticed Eustachio
  4675 | D:5      | Killed Eustachio
  5055 | D:6      | Found Efixurph's Antique Armour Shop.
  5060 | D:6      | Noticed Duvessa
  5060 | D:6      | Noticed Dowan
  5065 | D:6      | Killed Dowan
  5067 | D:6      | Killed Duvessa
  5067 | D:6      | Reached skill level 5 in Fighting
  5067 | D:6      | Reached skill level 4 in Armour
  5067 | D:6      | Reached skill level 5 in Dodging
  5072 | D:6      | Found a hide-covered altar of Uskayaw.
  5089 | D:6      | You fall through a shaft!
  5678 | D:6      | Found a basalt altar of Yredelemnul.
  5945 | D:6      | Reached XP level 9. HP: 43/68 MP: 9/9
  6187 | D:7      | Noticed Joseph
  6196 | D:7      | Killed Joseph
  6352 | D:7      | Found a burning altar of Makhleb.
  6408 | D:7      | Found a glowing golden altar of the Shining One.
  6811 | D:8      | Reached skill level 5 in Armour
  6892 | D:8      | Noticed a two-headed ogre
  6903 | D:8      | Killed a two-headed ogre
  7779 | Temple   | Entered the Ecumenical Temple
  7878 | Temple   | Became a worshipper of Gozag Ym Sagoz the Greedy
  7983 | D:8      | Gained mutation: You are mostly covered in sharp spines.
                  | [demonic ancestry]
  7983 | D:8      | Reached XP level 10. HP: 41/77 MP: 10/10
  8521 | D:9      | Found a sparkling altar of Nemelex Xobeh.
  8652 | D:9      | Reached skill level 6 in Armour
  8969 | D:9      | Found a staircase to the Orcish Mines.
  9089 | D:9      | Noticed Psyche
  9097 | D:9      | Killed Psyche
  9144 | D:9      | Noticed a two-headed ogre
  9150 | D:9      | Killed a two-headed ogre
  9320 | D:10     | Entered Level 10 of the Dungeon
  9446 | D:10     | Found a runed translucent gate.
  9446 | D:10     | Found a runed translucent gate.
  9446 | D:10     | Found a runed translucent gate.
  9448 | D:10     | Noticed goulibeur's ghost (novice DrBe)
  9543 | D:10     | Reached skill level 10 in Staves
 10029 | D:10     | Noticed Josephine
 10035 | D:10     | Gained mutation: You have a pair of small antennae on your
                  | head. [demonic ancestry]
 10035 | D:10     | Reached XP level 11. HP: 83/86 MP: 11/11
 10040 | D:10     | Killed Josephine
 10040 | D:10     | Reached skill level 7 in Armour
 10275 | D:10     | Identified the +5 short sword of the Pharaoh's Fist {pain,
                  | +Inv rElec Int+4 Stlth+}
 10795 | D:6      | Bought a steaming plate armour for 756 gold pieces
 10805 | D:6      | Identified the +2 plate armour of Exclusion {MR++} (You
                  | bought it in a shop on level 6 of the Dungeon)
 10937 | D:11     | Killed an unseen horror
 11032 | D:11     | Found a staircase to the Lair.
 11927 | D:11     | Noticed Erica
 11935 | D:11     | Killed Erica
 12143 | D:12     | Reached skill level 8 in Armour
 12280 | Orc:1    | Entered Level 1 of the Orcish Mines
 12280 | Orc:1    | Noticed a two-headed ogre
 12287 | Orc:1    | Killed a two-headed ogre
 12496 | Orc:1    | Noticed an orc sorcerer
 12504 | Orc:1    | Killed an orc sorcerer
 12531 | Orc:1    | Noticed an orc sorcerer
 12574 | Orc:1    | Killed an orc sorcerer
 12927 | Orc:2    | Entered Level 2 of the Orcish Mines
 12927 | Orc:2    | Found a staircase to the Elven Halls.
 12927 | Orc:2    | Found a gate leading to a gauntlet.
 12935 | Gauntlet | Entered a Gauntlet
 12935 | Gauntlet | Found a transporter.
 12935 | Gauntlet | Found a transporter.
 12953 | Gauntlet | Found a transporter.
 12957 | Gauntlet | Found a transporter.
 12966 | Gauntlet | Found a transporter.
 12969 | Gauntlet | Found a transporter.
 12973 | Gauntlet | Noticed a wizard
 12975 | Gauntlet | Found a runed translucent gate.
 12975 | Gauntlet | Found a runed translucent gate.
 12975 | Gauntlet | Found a runed translucent gate.
 12977 | Gauntlet | Found a transporter.
 12977 | Gauntlet | Noticed a wizard
 12993 | Gauntlet | Found a transporter.
 12993 | Gauntlet | Found a runed translucent door.
 12994 | Gauntlet | Found a runed translucent door.
 12996 | Gauntlet | Noticed an obsidian statue
 13007 | Gauntlet | Found a transporter.
 13011 | Gauntlet | Found a transporter.
 13020 | Gauntlet | Found a transporter.
 13023 | Gauntlet | Found a transporter.
 13053 | Gauntlet | Noticed a shining eye
 13171 | Gauntlet | Gained mutation: Your mind is acute. (Int +2) [potion of
                  | mutation]
 13171 | Gauntlet | Gained mutation: You expend magic power (3 MP) to
                  | strengthen your wands. [potion of mutation]
 13171 | Gauntlet | Gained mutation: You are weak. (Str -2) [potion of
                  | mutation]
 13171 | Gauntlet | Gained mutation: Your mind is very acute. (Int +4) [potion
                  | of mutation]
 13173 | Gauntlet | Lost mutation: Your mind is very acute. (Int +4) [a
                  | neqoxec]
 13175 | Gauntlet | Gained mutation: Armour fits poorly on your strangely
                  | shaped body. [a neqoxec]
 13187 | Gauntlet | Gained mutation: You have sharp fingernails. [demonic
                  | ancestry]
 13187 | Gauntlet | Reached XP level 12. HP: 92/92 MP: 12/12
 13280 | Gauntlet | Reached skill level 1 in Evocations
 13297 | Gauntlet | Got a smoking bronze ring
 13313 | Gauntlet | Identified the ring "Neomog" {+Fly rElec rN+} (You found it
                  | in a Gauntlet)
 13324 | Gauntlet | Noticed a minotaur
 13341 | Gauntlet | Killed a minotaur
 13346 | Gauntlet | Found the macabre finger necklace {rN+}
 13723 | Orc:2    | Noticed an orc high priest
 13866 | Orc:2    | Killed an orc high priest
 13871 | Orc:2    | Noticed an orc high priest
 13889 | Orc:2    | Killed an orc high priest
 13889 | Orc:2    | Reached skill level 9 in Armour
 14268 | Orc:2    | Noticed an ettin
 14540 | Orc:2    | Killed an ettin
 14871 | Orc:2    | Found Kiufin's Armour Shoppe.
 14971 | Orc:2    | Noticed an orc high priest
 14979 | Orc:2    | Killed an orc high priest
 15001 | Orc:2    | Noticed an orc high priest
 15011 | Orc:2    | Killed an orc high priest
 15021 | Orc:2    | Found Aguc's Gadget Boutique.
 15043 | Orc:2    | Found Ruxim's Gadget Shoppe.
 15271 | Orc:2    | Noticed Saint Roka
 15394 | Orc:2    | Killed Saint Roka
 15792 | Orc:2    | Found Jeor's Jewellery Shop.
 16336 | Orc:2    | Found Cesothyj's Antique Weapon Boutique.
 16345 | Orc:2    | Bought a crystal quarterstaff for 261 gold pieces
 16345 | Orc:2    | Identified the +5 quarterstaff "Xihom" {flame, +Fly} (You
                  | bought it in a shop on level 2 of the Orcish Mines)
 16397 | Orc:2    | Found Egecad's Antique Armour Boutique.
 16397 | Orc:2    | Noticed an orc high priest
 16732 | Orc:2    | Killed an orc high priest
 16732 | Orc:2    | Reached skill level 5 in Evocations
 16732 | Orc:2    | Gained mutation: You have very sharp fingernails. [demonic
                  | ancestry]
 16732 | Orc:2    | Reached XP level 13. HP: 81/98 MP: 16/16
 16735 | Orc:2    | Lost mutation: Armour fits poorly on your strangely shaped
                  | body. [potion of mutation]
 16735 | Orc:2    | Lost mutation: Your mind is acute. (Int +2) [potion of
                  | mutation]
 16735 | Orc:2    | Gained mutation: Your system is resistant to poisons.
                  | (rPois) [potion of mutation]
 16735 | Orc:2    | Gained mutation: You are agile. (Dex +2) [potion of
                  | mutation]
 16736 | Orc:2    | Lost mutation: You expend magic power (3 MP) to strengthen
                  | your wands. [potion of mutation]
 16736 | Orc:2    | Lost mutation: You are weak. (Str -2) [potion of mutation]
 16736 | Orc:2    | Lost mutation: Your system is resistant to poisons. (rPois)
                  | [potion of mutation]
 16736 | Orc:2    | Gained mutation: You have an increased reservoir of magic.
                  | (+10% MP) [potion of mutation]
 16736 | Orc:2    | Gained mutation: Your spells are a little harder to cast,
                  | but a little more powerful. [potion of mutation]
 16805 | Orc:2    | Found Vurec's Weapon Shoppe.
 16959 | Orc:2    | Bought a topaz-encrusted plate armour for 644 gold pieces
 16969 | Orc:2    | Identified the +8 plate armour "Edyhuv" {+Blink rCorr} (You
                  | bought it in a shop on level 2 of the Orcish Mines)
 16980 | Orc:2    | Found a roughly hewn altar of Beogh.
 17343 | Lair:1   | Entered Level 1 of the Lair of Beasts
 17483 | Lair:1   | Reached skill level 10 in Armour
 17901 | Lair:1   | Got a jewelled cloak
 17912 | Lair:1   | Identified the cursed +0 cloak of Tomeps {*Contam Int-5
                  | Dex+7} (You found it on level 1 of the Lair of Beasts)
 18301 | Lair:2   | Noticed Fannar
 18312 | Lair:2   | Killed Fannar
 18953 | Lair:2   | Reached skill level 11 in Armour
 19720 | Lair:3   | Found a hole to the Spider Nest.
 19904 | Lair:3   | Found a runed translucent gate.
 19905 | Lair:3   | Found a runed translucent gate.
 19906 | Lair:3   | Found a runed translucent gate.
 19935 | Lair:3   | Noticed Killmatronix's ghost (journeyman HOWn)
 20033 | Lair:3   | You fall through a shaft!
 20061 | Lair:4   | Got a shimmering leather armour
 20092 | Lair:4   | Reached skill level 12 in Armour
 20121 | Lair:4   | Identified the +3 leather armour of Context {MR+ Int-4
                  | Dex+4} (You found it on level 4 of the Lair of Beasts)
 20348 | Lair:4   | Found a staircase to the Shoals.
 20739 | Lair:4   | Found a stormy altar of Qazlal.
 21072 | Lair:5   | Noticed Rupert
 21081 | Lair:5   | Paralysed by Rupert for 6 turns
 21097 | Lair:5   | Killed Rupert
 21099 | Lair:5   | Reached skill level 13 in Armour
 21709 | Lair:5   | Reached XP level 14. HP: 105/105 MP: 19/19
 21787 | Lair:6   | Entered Level 6 of the Lair of Beasts
 21977 | Lair:6   | Learned a level 2 spell: Poisonous Vapours
 22273 | Lair:6   | Reached skill level 1 in Poison Magic
 22410 | Lair:6   | Found a staircase to the Slime Pits.
 23235 | Lair:6   | Found a large runed translucent door.
 23236 | Lair:6   | Found a large runed translucent door.
 23737 | Lair:6   | Reached skill level 14 in Armour
 24622 | Lair:3   | Killed Killmatronix's ghost
 25253 | Lair:3   | Got the ring of the Purple Skies {Fire}
 25260 | Lair:3   | Identified the ring of the Purple Skies {Fire rElec rN+ MR+
                  | Dex+4} (You found it on level 3 of the Lair of Beasts)
 26162 | D:13     | Noticed Jorgrun
 26183 | D:13     | Killed Jorgrun
 26888 | D:13     | Gained mutation: You are completely covered in sharp
                  | spines. [demonic ancestry]
 26888 | D:13     | Reached XP level 15. HP: 113/113 MP: 22/22
 27617 | D:14     | Reached skill level 5 in Poison Magic
 27956 | D:14     | Found a gate to the Vaults.
 28132 | D:14     | Reached skill level 10 in Dodging
 28247 | D:15     | Entered Level 15 of the Dungeon
 28343 | D:15     | Reached skill level 10 in Fighting
 28717 | D:15     | Noticed Kirke
 28752 | D:15     | Killed Kirke
 28915 | D:15     | Found a staircase to the Depths.
 29398 | D:15     | Found a shadowy altar of Dithmenos.
 29753 | Spider:1 | Entered Level 1 of the Spider Nest
 30024 | Spider:1 | Noticed Frances
 30054 | Spider:1 | Killed Frances
 30096 | Spider:1 | Reached skill level 15 in Armour
 30176 | Spider:1 | Found a transporter.
 30241 | Spider:1 | Found a transporter.
 30579 | D:10     | Killed goulibeur's ghost
 30795 | Spider:2 | Blown up by an orb spider

Skill      XL: |  1  2  3  4  5  6  7  8  9 10 11 12 13 14 15 |
---------------+----------------------------------------------+-----
Staves         | 3 4 5 6 7 8 10 12 13 14 | 14.0
Armour         | 1 2 3 4 5 6 8 9 13 14 15 | 15.1
Dodging        | 3 4 5 6 7 8 9 11 | 11.1
Fighting       | 3 4 5 6 8 9 11 | 11.1
Evocations     | 5 7 |  7.0
Poison Magic   | 4 5 |  5.0
Throwing       | |  1.7

Action                   |  1- 3 |  4- 6 |  7- 9 | 10-12 | 13-15 || total
-------------------------+-------+-------+-------+-------+-------++-------
Melee: Quarterstaff      |   107 |   151 |   346 |   392 |  1169 ||  2165
       Staff             |       |       |       |   398 |   240 ||   638
Throw: Throwing net      |       |       |     2 |     1 |     2 ||     5
Evoke: Staff of Olgreb   |       |       |       |    15 |     4 ||    19
       Wand              |       |       |       |    13 |    10 ||    23
  Use: Scroll            |       |       |     7 |     7 |    13 ||    27
       Potion            |       |       |       |     8 |     5 ||    13
 Stab: Distracted        |       |       |     2 |     3 |    20 ||    25
       Sleeping          |       |       |     1 |       |       ||     1
       Held in net/web   |       |       |       |     1 |     3 ||     4
  Eat: Chunk             |       |     6 |     8 |       |       ||    14
       Ration            |       |     1 |     1 |    10 |    14 ||    26
Armor: Leather armour    |     6 |       |    65 |    67 |       ||   138
       Ring mail         |    49 |    18 |       |       |       ||    67
       Scale mail        |       |    16 |    25 |       |       ||    41
       Skin              |       |       |       |    35 |       ||    35
       Plate armour      |       |       |       |   129 |   592 ||   721
Dodge: Dodged            |    66 |    88 |   173 |   324 |   558 ||  1209
Block: Other             |     5 |    14 |    56 |    92 |   152 ||   319
       Reflection        |       |     1 |     2 |     1 |     6 ||    10
